 Dungeon Sprint DCSS version 0.21.1-1-g345015f (webtiles) character file.

9800000 Fang the Axe Maniac (level 27, -1/273 HPs)
             Began as a Minotaur Gladiator on May 22, 2018.
             Was the Champion of Makhleb.
             Slain by a meat berserker
             ... wielding a +9 battleaxe
              (37 damage)
             ... in the Dungeon (Sprint VIII: "Arena of Blood").
             The game lasted 00:01:37 (98 turns).

Fang the Axe Maniac (Minotaur Gladiator)              Turns: 98, Time: 00:01:37

Health: -1/273     AC:  6    Str: 30    XL:     27
Magic:  37/53      EV: 31    Int:  5    God:    Makhleb [******]
Gold:   0          SH:  0    Dex: 14    Spells: 80/80 levels left

rFire    . . .     SeeInvis .   l - +∞ Axe of Woe
rCold    . . .     Gourm    .   (shield currently unavailable)
rNeg     . . .     Faith    .   b - +0 leather armour
rPois    .         Spirit   .   c - +0 hat
rElec    .         Reflect  .   (no cloak)
rCorr    .         Harm     .   (no gloves)
MR       ++...     NoTele   +   (no boots)
Stlth    +++++++++.             (no amulet)
HPRegen  0.55/turn              (no ring)
MPRegen  0.33/turn              (no ring)

@: no status effects
A: retaliatory headbutt, horns 2
a: Minor Destruction, Lesser Servant of Makhleb, Major Destruction, Greater
Servant of Makhleb, Renounce Religion


You were in the Dungeon.
You worshipped Makhleb.
Makhleb was exalted by your worship.
You were not hungry.

You visited 1 branch

Inventory:

Hand Weapons
 a - a +0 war axe
 l - the +∞ Axe of Woe (weapon)
   (You found it in the Dungeon)
Missiles
 d - 3 throwing nets (quivered)
Armour
 b - a +0 leather armour (worn)
 c - a +0 hat (worn)
Scrolls
 k - a scroll of blinking
Potions
 h - a potion of haste
 i - 2 potions of magic
 j - a potion of berserk rage
Comestibles
 f - a ration


   Skills:
 O Level 27 Fighting
 O Level 27 Axes
 O Level 27 Throwing
 O Level 27 Armour
 O Level 27 Dodging
 O Level 27 Stealth
 O Level 27 Unarmed Combat
 O Level 27 Spellcasting
 O Level 27 Invocations


You had 80 spell levels left.
You didn't know any spells.

Dungeon Overview and Level Annotations

Branches:
Dungeon (1/1)

Altars:
Makhleb


Innate Abilities, Weirdness & Mutations

You reflexively headbutt those who attack you in melee.
You have a pair of horns on your head.


Message History

Some corpses meld into agglomerations of writhing flesh!
You hear a shout! x2
The meat berserker is engulfed in blazing flames.
You hear a shout!
A bag of meat comes into view. It is wielding a +9 war axe.
The bag of meat shouts! 2 small abominations and 2 crawling corpses come into view.
Unknown command.
You are engulfed in blazing flames.
You hear a shout! x4
The bag of meat hits you with a +9 war axe!!
* * * LOW HITPOINT WARNING * * *
The destroyer is engulfed in blazing flames.
The destroyer hits you with a +9 great sword of slicing!!
* * * LOW HITPOINT WARNING * * *
x2 The destroyer bites you but does no damage.
You hear a shout! x3
The meat berserker is engulfed in blazing flames.
The meat berserker hits you with a +9 battleaxe!!!
You die...

....# .........
###...#...%.....
##......#%...%.......
..o......L...........
..#....).%....%......
...#..))))..#.......#
.....%#o))).#.......#
...#.o)ox)###.......###.
.....oWoo@§..))###......
......)#VO§)).)._......
.....#..O§§).#)....#.
###.....o.x.x#_.<._#
.%..#...x...#.....#
.....o.#...%...._......
§..............###......
..oz%%...###... ..###.
..... #... ..#


You could see a tyrant, a destroyer, a sculptor of flesh, a dread, 2 meat
berserkers, 2 small abominations, 10 bags of meat and 2 crawling corpses.

Vanquished Creatures
  6 hell beasts (D)
  2 greater mummies (D)
  3 wraiths (D)
  9 vampire knights (D)
  31 ogres (D)
  4 two-headed ogres (D)
  3 liches (D)
  2 hydras (D)
  51 orcs (D)
  3 phantoms (D)
  A skeletal warrior (D)
  4 large abominations (D)
  4 small abominations (D)
  7 crawling corpses (D)
130 creatures vanquished.

Vanquished Creatures (others)
  A crawling corpse (D)
1 creature vanquished.

Grand Total: 131 creatures vanquished

Notes
Turn   | Place    | Note
-------+----------+-------------------------------------------
     0 | D        | Found the +∞ Axe of Woe
     0 | D        | Fang the Minotaur Gladiator began the quest for the Orb.
     0 | D        | Reached XP level 1. HP: 18/18 MP: 0/0
     4 | D        | Became a worshipper of Makhleb the Destroyer
     5 | D        | Noticed a bag of meat
     5 | D        | Noticed a bag of meat
     6 | D        | Noticed a bag of meat
     7 | D        | Noticed a bag of meat
     8 | D        | Noticed a meat berserker
     8 | D        | Noticed a meat berserker
     9 | D        | Noticed a bag of meat
     9 | D        | Killed a bag of meat
     9 | D        | Reached skill level 10 in Throwing
     9 | D        | Reached XP level 2. HP: 42/42 MP: 1/1
     9 | D        | Reached XP level 3. HP: 49/49 MP: 2/2
     9 | D        | Reached XP level 4. HP: 57/57 MP: 3/3
     9 | D        | Reached XP level 5. HP: 63/63 MP: 4/4
     9 | D        | Reached XP level 6. HP: 71/71 MP: 5/5
     9 | D        | Reached XP level 7. HP: 78/78 MP: 6/6
     9 | D        | Reached XP level 8. HP: 85/85 MP: 7/7
     9 | D        | Reached XP level 9. HP: 91/91 MP: 8/8
     9 | D        | Reached XP level 10. HP: 99/99 MP: 9/9
     9 | D        | Reached XP level 11. HP: 105/105 MP: 10/10
    11 | D        | Noticed a meat berserker
    12 | D        | Killed a meat berserker
    12 | D        | Reached * piety under Makhleb
    12 | D        | Reached skill level 15 in Fighting
    12 | D        | Reached XP level 12. HP: 26/121 MP: 11/11
    12 | D        | Reached XP level 13. HP: 27/127 MP: 12/12
    12 | D        | Killed a bag of meat
    12 | D        | Reached skill level 27 in Axes
    12 | D        | Reached XP level 14. HP: 30/138 MP: 13/13
    12 | D        | Killed a meat berserker
    12 | D        | Reached skill level 27 in Dodging
    12 | D        | Reached XP level 15. HP: 140/152 MP: 14/14
    13 | D        | Noticed a meat berserker
    13 | D        | Reached ** piety under Makhleb
    13 | D        | Reached skill level 10 in Armour
    14 | D        | Noticed a meat berserker
    15 | D        | Killed a meat berserker
    15 | D        | Reached XP level 16. HP: 114/180 MP: 15/15
    15 | D        | Killed a meat berserker
    15 | D        | Reached skill level 27 in Fighting
    15 | D        | Reached *** piety under Makhleb
    15 | D        | Reached XP level 17. HP: 162/191 MP: 16/16
    16 | D        | Noticed a meat berserker
    18 | D        | Noticed a meat berserker
    19 | D        | Noticed a meat berserker
    19 | D        | Noticed a meat berserker
    19 | D        | Killed a meat berserker
    19 | D        | Reached skill level 27 in Throwing
    20 | D        | Killed a meat berserker
    20 | D        | Reached skill level 27 in Armour
    20 | D        | Reached XP level 18. HP: 149/200 MP: 17/17
    20 | D        | Reached **** piety under Makhleb
    21 | D        | Reached skill level 15 in Unarmed Combat
    21 | D        | Reached skill level 10 in Spellcasting
    22 | D        | Noticed a meat berserker
    22 | D        | Noticed a meat berserker
    23 | D        | Noticed a meat berserker
    23 | D        | Noticed a meat berserker
    23 | D        | Killed a meat berserker
    23 | D        | Reached skill level 15 in Stealth
    23 | D        | Reached XP level 19. HP: 205/207 MP: 17/34
    23 | D        | Killed a meat berserker
    23 | D        | Killed a meat berserker
    23 | D        | Reached ***** piety under Makhleb
    23 | D        | Reached skill level 15 in Spellcasting
    24 | D        | Noticed a destroyer
    24 | D        | Noticed a large bag of meat
    25 | D        | Reached XP level 20. HP: 216/216 MP: 17/39
    26 | D        | Noticed a meat berserker
    26 | D        | Killed a meat berserker
    26 | D        | Reached skill level 27 in Unarmed Combat
    27 | D        | Noticed a meat berserker
    27 | D        | Killed a meat berserker
    27 | D        | Reached skill level 27 in Invocations
    27 | D        | Reached XP level 21. HP: 224/224 MP: 18/44
    28 | D        | Reached ****** piety under Makhleb
    28 | D        | Reached skill level 27 in Stealth
    29 | D        | Noticed a destroyer
    30 | D        | Noticed a destroyer
    30 | D        | Killed a large bag of meat
    30 | D        | Reached skill level 27 in Spellcasting
    30 | D        | Reached XP level 22. HP: 190/233 MP: 18/52
    31 | D        | Killed a destroyer
    31 | D        | Reached XP level 23. HP: 240/240 MP: 19/53
    32 | D        | Noticed a destroyer
    34 | D        | Reached XP level 24. HP: 249/249 MP: 19/53
    36 | D        | Killed a destroyer
    36 | D        | Reached XP level 25. HP: 227/257 MP: 20/53
    38 | D        | Noticed a large bag of meat
    40 | D        | Killed a destroyer
    41 | D        | Noticed a destroyer
    41 | D        | Reached XP level 26. HP: 266/266 MP: 21/53
    43 | D        | Noticed a destroyer
    44 | D        | Killed a destroyer
    46 | D        | Killed a large bag of meat
    47 | D        | Killed a destroyer
    47 | D        | Reached XP level 27. HP: 214/273 MP: 22/53
    47 | D        | Killed a destroyer
    53 | D        | Noticed a destroyer
    55 | D        | Noticed an accursed
    57 | D        | Noticed a tyrant
    57 | D        | Noticed a destroyer
    58 | D        | Noticed a tyrant
    58 | D        | Noticed an accursed
    64 | D        | Killed an accursed
    64 | D        | Killed a destroyer
    65 | D        | Noticed a large bag of meat
    66 | D        | Killed a tyrant
    66 | D        | Killed an accursed
    67 | D        | Noticed a meat beast
    67 | D        | Killed a tyrant
    69 | D        | Noticed a meat beast
    69 | D        | Killed a destroyer
    70 | D        | Killed a meat beast
    71 | D        | Noticed a meat beast
    72 | D        | Noticed a dread
    72 | D        | Noticed a meat beast
    72 | D        | Killed a meat beast
    73 | D        | Killed a meat beast
    74 | D        | Noticed a dread
    75 | D        | Noticed a destroyer
    75 | D        | Killed a large bag of meat
    76 | D        | Killed a meat beast
    76 | D        | Killed a dread
    81 | D        | Noticed a tyrant
    86 | D        | Noticed a dread
    86 | D        | Killed a dread
    86 | D        | Killed a destroyer
    88 | D        | Noticed a large bag of meat
    88 | D        | Noticed a destroyer
    88 | D        | Noticed a meat beast
    88 | D        | Noticed a meat beast
    88 | D        | Noticed a dread
    90 | D        | Killed a tyrant
    92 | D        | Killed a meat beast
    93 | D        | Noticed a destroyer
    94 | D        | Killed a meat beast
    95 | D        | Killed a large bag of meat
    96 | D        | Noticed a tyrant
    97 | D        | Killed a dread
    98 | D        | Slain by a meat berserker

Skill      XL: |  1  2  3  4  5  6  7  8  9 10 11 12 13 14 15 16 17 18 19 20 21 |
---------------+----------------------------------------------------------------+-----
Fighting       | 12 15 16 19 25 27 | 27.0
Axes           | 20 25 27 | 27.0
Throwing       | 10 12 13 16 21 26 27 | 27.0
Dodging        | 18 22 23 27 | 27.0
Armour         | 4 8 12 17 27 | 27.0
Stealth        | 15 20 25 27 | 27.0
Unarmed Combat | 18 23 27 | 27.0
Spellcasting   | 12 16 20 27 | 27.0
Invocations    | 17 21 27 | 27.0

Action                   |  1- 3 |  4- 6 |  7- 9 | 10-12 | 13-15 | 16-18 | 19-21 | 22-24 | 25-27 || total
-------------------------+-------+-------+-------+-------+-------+-------+-------+-------+-------++-------
Melee: Executioner's axe |     1 |       |       |     1 |     2 |     4 |     6 |     6 |    40 ||    60
  Use: Potion            |       |       |       |       |       |       |       |       |     2 ||     2
Armor: Leather armour    |       |       |       |       |       |       |       |       |     4 ||     4
Dodge: Dodged            |       |       |       |       |     1 |       |       |       |    14 ||    15
